 Dungeon Crawl Stone Soup version 0.29.1-2-gbd0b4ee654 (webtiles) character file.

Game seed: 3866406790620916964

60 kingsuperguy the Chopper (level 3, 0/49 HPs)
             Began as a Minotaur Berserker on Nov 28, 2022.
             Was a Believer of Trog.
             Slain by a gnoll
             ... wielding a +0 spear
              (3 damage)
             ... on level 2 of the Dungeon.
             The game lasted 00:02:02 (1731 turns).

kingsuperguy the Chopper (Minotaur Berserker)       Turns: 1731, Time: 00:02:03

Health: 0/49       AC:  5    Str: 23    XL:     3   Next: 82%
Magic:  2/2        EV: 11    Int:  4    God:    Trog [**....]
Gold:   81         SH:  0    Dex:  9    Spells: 2/2 levels left

rFire   . . .      SeeInvis .   a - +0 hand axe
rCold   . . .      Faith    .   (no shield)
rNeg    . . .      Spirit   .   d - +0 ring mail
rPois   +          Reflect  .   (helmet restricted)
rElec   .          Harm     .   (no cloak)
rCorr   .          Rampage  .   (no gloves)
Will    .....                   (no boots)
Stlth   ..........              (no amulet)
HPRegen 0.16/turn               e - ring of poison resistance
MPRegen 0.08/turn               (no ring)

@: berserking, very quick
A: horns 2, retaliatory headbutt
a: Renounce Religion, Berserk, Trog's Hand


You were on level 2 of the Dungeon.
You worshipped Trog.
Trog was pleased with you.
You visited 1 branch of the dungeon, and saw 2 of its levels.

You collected 81 gold pieces.

Inventory:

Hand Weapons
 a - a +0 hand axe (weapon)
Missiles
 h - 4 poisoned darts (quivered)
Armour
 b - a +0 animal skin
 d - a +0 ring mail (worn)
Jewellery
 e - a ring of poison resistance (left hand)
Scrolls
 f - 2 scrolls of teleportation {unknown}
 i - 2 scrolls of identify {unknown}
 j - a scroll of vulnerability {unknown}
Potions
 c - a potion of magic {unknown}
 g - 2 potions of curing {unknown}


   Skills:
 + Level 4.1 Fighting
 + Level 4.6 Axes
 + Level 3.1 Armour
 + Level 2.8 Dodging
 + Level 0.1 Stealth


You had 2 spell levels left.
You didn't know any spells.
Your spell library was empty.

Dungeon Overview and Level Annotations

Branches:
Dungeon (2/15)

Altars:
Vehumet


Innate Abilities, Weirdness & Mutations

You have a pair of horns on your head.
You reflexively headbutt those who attack you in melee.


Message History

The gnoll hits you with a +0 spear.
You hit the gnoll.
The gnoll is lightly wounded.
You hit the jackal but do no damage.
The jackal bites you but does no damage.
The gnoll misses you.
A gnoll comes into view. It is wielding a +0 spear.
You slash the gnoll!
The gnoll is severely wounded.
You barely miss the jackal. The jackal barely misses you. The jackal bites you.
The gnoll hits you with a +0 spear.
You hit the gnoll.
The gnoll is almost dead.
You hit the jackal.
You kill the jackal!
Trog accepts your kill.
A gnoll comes into view. It is wielding a +0 spear.
The gnoll misses you.
You hit the gnoll.
You kill the gnoll!
Trog accepts your kill.
Your Armour skill increases to level 3!
You barely miss the gnoll. The gnoll hits you with a +0 flail.
The gnoll hits you from afar with a +0 spear.
You hit the gnoll. Your headbutt misses the gnoll.
The gnoll is moderately wounded.
The gnoll hits you with a +0 flail!
* * * LOW HITPOINT WARNING * * *
The gnoll hits you from afar with a +0 spear.
* * * LOW HITPOINT WARNING * * *
A red film seems to cover your vision as you go berserk!
You feel yourself moving faster!
You feel mighty! The gnoll barely misses you. You furiously retaliate!
You headbutt the gnoll.
The gnoll hits you from afar with a +0 spear.
* * * LOW HITPOINT WARNING * * *
You slash the gnoll!
You kill the gnoll!
Trog accepts your kill.
The gnoll hits you from afar with a +0 spear.
You die...

.# #.#...# #.#
.###.....# #.##
.##......####.#.########
.##..........###........
........#####.#.####.###
........# #.## ##....#.#
###.#####
##......####.†.†...#
.....8..........@).#
##..8_8..###.....).#
#...8............g#
##......####....g....
..)...[............#.#
.#†##.#.###........#.#
......#.# #.#####.## #
.#.#### # #. .# ....##


You could see 2 gnolls.

Vanquished Creatures
  2 gnolls (D:2)
  A worm (D:2)
  2 dart slugs (D:1)
  2 endoplasms (D:1)
  3 goblins
  7 hobgoblins
  4 jackals (D:2)
  2 quokkas
  5 ball pythons
  3 bats
  2 frilled lizards (D:1)
  3 kobolds
  6 rats
42 creatures vanquished.

Notes
Turn   | Place    | Note
-------+----------+-------------------------------------------
     0 | D:1      | kingsuperguy the Minotaur Berserker began the quest for the
                  | Orb.
     0 | D:1      | Reached XP level 1. HP: 19/19 MP: 0/0
   413 | D:1      | Reached XP level 2. HP: 16/27 MP: 1/1
  1129 | D:1      | Reached XP level 3. HP: 33/33 MP: 2/2
  1133 | D:1      | Reached ** piety under Trog
  1338 | D:2      | Found a radiant altar of Vehumet.
  1501 | D:2      | Found a faded altar of an unknown god.
  1731 | D:2      | Slain by a gnoll

Illustrated notes

Levels and vault maps discovered:
D:1:      reono_arrival_forest_river, layout_basic
D:2:      layout_loops_ring, serial_shops, shop,
          chequers_ecumenical_altar_simple, basic_altar

Skill      XL: |  1  2  3 |
---------------+----------+-----
Axes           | 4 |  4.6
Fighting       | 4 |  4.1
Armour         | 3 |  3.1
Dodging        | |  2.8
Stealth        | |  0.1

Action                   || total
-------------------------++-------
Melee: Hand axe          ||   101
       Headbutt          ||    11
       Punch             ||     1
Invok: Berserk           ||     1
Armor: Animal skin       ||     4
       Ring mail         ||    41
Dodge: Dodged            ||    67
